 Dungeon Crawl Stone Soup version 0.32-a0-995-gb4a59205af (webtiles) character file.

Game seed: 14005856875234696797

79 Fodor the Trooper (level 4, -4/41 HPs)
             Began as a Minotaur Fighter on Apr 22, 2024.
             Slain by a gnoll
             ... wielding a +0 spear
              (6 damage)
             ... on level 2 of the Dungeon.
             The game lasted 00:03:19 (802 turns).

Fodor the Trooper (Minotaur Fighter)                 Turns: 802, Time: 00:03:20

Health: -4/41      AC:  7    Str: 23    XL:     4   Next: 17%
Magic:  3/3        EV:  8    Int:  5    God:
Gold:   50         SH:  4    Dex:  9    Spells: 3/3 levels left

rFire   . . .        a - +0 war axe
rCold   . . .        c - +0 buckler
rNeg    . . .        b - +0 scale mail
rPois   .            (helmet restricted)
rElec   .            (no cloak)
rCorr   .            (no gloves)
SInv    .            (no boots)
Will    .....        (no amulet) Stlth
                     (no ring)
HPRegen 0.26/turn    (no ring)
MPRegen 0.08/turn

%: no passive effects
@: no status effects
A: horns 2, retaliatory headbutt
a: no special abilities


You were on level 2 of the Dungeon.
You visited 1 branch of the dungeon, and saw 2 of its levels.

You collected 50 gold pieces.

Inventory:

Hand Weapons
 a - a +0 war axe (weapon)
Armour
 b - a +0 scale mail (worn)
 c - a +0 buckler (worn)
Scrolls
 e - 3 scrolls of identify {unknown}
 f - a scroll of enchant armour {unknown}
 h - a scroll of amnesia {unknown}
 i - 2 scrolls of torment {unknown}
 k - a scroll of fog {unknown}
 n - a scroll of teleportation {unknown}
 o - a scroll of butterflies {unknown}
Potions
 d - a potion of might
 g - a potion of mutation {unknown}
 j - a potion of curing {unknown}
 l - a potion of haste {unknown}
 m - 2 potions of heal wounds {unknown}


   Skills:
 + Level 4.3 Fighting
 + Level 4.0 Axes
 + Level 4.0 Armour
 + Level 0.3 Dodging
 + Level 4.1 Shields


You had 3 spell levels left.
You didn't know any spells.
Your spell library contained the following spells:

 Spells                   Type           Power      Damage    Failure   Level
 Tukima's Dance           Hex            0%         N/A       99%         3
 Passage of Golubria      Tloc           0%         N/A       100%        4
 Yara's Violent Unravell  Hex/Alch       0%         3d3       100%        5


Dungeon Overview and Level Annotations

Branches:
Dungeon (2/15)

Altars:


Innate Abilities, Weirdness & Mutations

You have a pair of horns on your head.
You reflexively headbutt those who attack you in melee.


Message History

You slash the gnoll!
The gnoll is severely wounded.
The gnoll hits you but does no damage. The gnoll barely misses you.
You hit the gnoll.
The gnoll is almost dead.
You block the gnoll's attack.
You hit the gnoll.
You kill the gnoll!
You block the jackal's attack.
You miss the jackal. You closely miss the gnoll. The jackal closely misses you.
You furiously retaliate!
You headbutt the jackal. The gnoll hits you with a +0 whip!
The jackal bites you but does no damage.
The gnoll hits you with a +0 whip.
You closely miss the jackal. You headbutt the jackal.
You kill the jackal!
You barely miss the gnoll. The gnoll hits you with a +0 whip.
Your Armour skill increases to level 4!
You have reached level 4!
You feel stronger.
You hit the gnoll.
The gnoll is heavily wounded.
You slash the goblin!
You kill the goblin!
You block the gnoll's attack.
You slash the gnoll!
You kill the gnoll!
You closely miss the gnoll.
The gnoll hits you from afar with a +0 spear.
* * * LOW HITPOINT WARNING * * *
The gnoll hits you with a +0 club.
* * * LOW HITPOINT WARNING * * *
Your Axes skill increases to level 4!
You block the gnoll's attack. The gnoll hits you with a +0 club.
* * * LOW HITPOINT WARNING * * *
Items here: )) ††.
You barely miss the gnoll. Your headbutt misses the gnoll.
You barely miss the gnoll.
The gnoll hits you but does no damage. x2
The gnoll hits you with a +0 spear.
You die...

..<............
..............#
...............
#.............#
##...........## .## #
#####.##..#..## ...
..........##..#####.#
#...##g.......##.##
#...g@..##........###.
#..####..###..........
#..# ##..........###
#.g# ####.......####
#h.# ###.........
#g.## #......### ....
#...##.# ....g
#......... .g.....
#..#........


You could see 2 gnolls.

Vanquished Creatures
  An adder (D:2)
  2 gnolls (D:2)
  A dart slug (D:1)
  2 ribbon worms (D:2)
  5 endoplasms
  5 giant cockroaches
  4 goblins
  5 hobgoblins
  2 jackals (D:2)
  2 quokkas
  2 ball pythons (D:2)
  A bat (D:1)
  2 frilled lizards (D:1)
  5 kobolds (D:1)
  2 rats
41 creatures vanquished.

Notes
Turn   | Place    | Note
-------+----------+-------------------------------------------
     0 | D:1      | Fodor the Minotaur Fighter began the quest for the Orb.
     0 | D:1      | Reached XP level 1. HP: 19/19 MP: 0/0
   119 | D:1      | Reached XP level 2. HP: 26/27 MP: 1/1
   461 | D:2      | Reached XP level 3. HP: 32/33 MP: 2/2
   799 | D:2      | Reached XP level 4. HP: 14/40 MP: 3/3
   801 | D:2      | HP: 2/41 [gnoll/+0 club (5)]
   802 | D:2      | Slain by a gnoll

Illustrated notes

Levels and vault maps discovered:
D:1:      hellmonk_arrival_library, layout_rooms
D:2:      layout_rooms, serial_shops, nicolae_shop_window_shopping,
          interstate_on_off, kennysheep_generic_room_13

Skill      XL: |  1  2  3  4 |
---------------+-------------+-----
Fighting       | 4 |  4.3
Shields        | 4 |  4.1
Axes           | 3 4 |  4.0
Armour         | 4 |  4.0
Dodging        | |  0.3

Action                     |  1- 3 |  4- 6 || total
---------------------------+-------+-------++-------
  Melee: War axe           |    78 |     3 ||    81
         Headbutt          |    10 |       ||    10
 Armour: Scale mail        |    65 |     6 ||    71
  Dodge: Dodged            |    41 |       ||    41
  Block: Buckler           |    14 |     2 ||    16

Table legend: (Time is in decaauts)
 A = Elapsed time spent in this place.
 B = Non-inter-level travel time spent in this place.
 C = Inter-level travel time spent in this place.
 D = Time resting spent in this place.
 E = Time spent auto-exploring this place.
 F = Levels seen in this place.
 G = Mean time per level.
                   A        B        C        D        E       F      G
               +--------+--------+--------+--------+--------+-----+--------+
         Total |    831 |    831 |      0 |      0 |    458 |   2 |  415.5 |
       Dungeon |    831 |    831 |      0 |      0 |    458 |   2 |  415.5 |
               +--------+--------+--------+--------+--------+-----+--------+

Top non-repeatable levels by time:
     D:1: 468 daAuts
     D:2: 363 daAuts
